AoeStats
← ogipochi_

Black Forest

503388728Analyzed
4v4 RM · 1mo ago on Aug 31, 2026· 72m 28s· 8 players
Game mode
Random Map
Map size
Large (8 player)
Population
200
Speed
Normal
Resources
Standard
Victory
Conquest
Starting age
Dark Age
Ending age
Imperial Age
RankedLock teamsTeams togetherTeam positionsShared explorationLock speedFull tech treeHidden civsTurbo modeCheats
Victory
Defeat
🇬🇧 Japanese · United Kingdom
814
+12
🇯🇵 Wei · Japan
809
+12
🇧🇷 Bohemians · Brazil
793
+13
🇺🇸 Franks · United States
706
+17
🇸🇪 Italians · Sweden
808
-17
🇰🇼 Persians · Kuwait
739
-14
🇫🇷 Teutons · France
718
-13
🇩🇪 Khmer · Germany
659
-11
sergent_tiger
1:07 Loom
15:19 Feudal Age
21:39 Castle Age
22:01 Fletching
22:25 Scale Barding Armor
23:11 Double-Bit Axe
23:14 Horse Collar
23:21 Town Watch
26:09 Fervor
33:12 Bow Saw
33:26 Heavy Plow
40:38 Imperial Age
38:27 Man-at-Arms
38:53 Gambesons
38:28 Pikeman
39:09 Squires
38:54 Arson
39:22 Bloodlines
38:35 Crossbowman
38:36 Elite Skirmisher
40:58 Scale Mail Armor
41:09 Forging
40:55 Bodkin Arrow
41:00 Padded Archer Armor
41:21 Chain Barding Armor
40:25 Long Swordsman
40:44 Halberdier
41:13 Two-Handed Swordsman
42:17 Conscription
43:11 Chemistry
43:15 Crenellations
43:13 Elite Teutonic Knight
44:45 Ballistics
45:13 Crop Rotation
45:26 Ironclad
47:01 Iron Casting
46:42 Chain Mail Armor
46:32 Champion
49:14 Plate Mail Armor
50:31 Blast Furnace
Trollslaendan
Kafa1500
0:27 Loom
13:33 Feudal Age
15:15 Wheelbarrow
14:22 Horse Collar
14:29 Double-Bit Axe
14:36 Stone Mining
14:53 Gold Mining
17:21 Fishing Lines
20:56 Town Watch
26:10 Castle Age
27:10 Hand Cart
27:10 Bow Saw
28:01 Town Patrol
31:01 Stone Shaft Mining
30:35 Heavy Plow
31:12 Stone Shaft Mining
31:48 Gold Shaft Mining
32:01 Fortified Wall
33:04 Gillnets
34:18 Tusk Swords
34:54 Ballistics
34:39 Murder Holes
34:35 Guard Tower
35:45 Town Patrol
37:50 Forging
37:40 Scale Mail Armor
37:31 Fletching
37:41 Padded Archer Armor
39:29 Iron Casting
43:39 Imperial Age
42:57 Pikeman
46:10 Crop Rotation
46:24 Elite Ballista Elephant
47:14 Halberdier
48:48 Keep
49:18 Chemistry
52:19 Double Crossbow
53:52 Bodkin Arrow
54:19 Leather Archer Armor
56:38 Blast Furnace
55:54 Chain Mail Armor
58:10 Ring Archer Armor
57:36 Bodkin Arrow
60:37 Bracer
TarekRD
9:28 Loom
12:22 Feudal Age
12:47 Double-Bit Axe
12:45 Horse Collar
13:47 Wheelbarrow
20:04 Castle Age
24:27 Bow Saw
24:20 Heavy Plow
25:55 Stone Mining
25:55 Gold Mining
29:32 Hand Cart
29:03 Town Watch
31:05 Fletching
31:15 Padded Archer Armor
31:26 Forging
31:16 Scale Mail Armor
31:21 Scale Barding Armor
32:20 Gold Shaft Mining
32:20 Stone Shaft Mining
32:06 Husbandry
32:16 Bloodlines
33:43 Gambesons
33:58 Squires
33:46 Arson
33:58 Bodkin Arrow
34:18 Leather Archer Armor
34:27 Ballistics
34:02 Murder Holes
34:37 Parthian Tactics
34:17 Thumb Ring
35:48 Town Patrol
36:27 Iron Casting
36:07 Chain Mail Armor
36:12 Chain Barding Armor
36:12 Town Patrol
35:39 Crossbowman
36:55 Thumb Ring
36:13 Man-at-Arms
36:15 Elite Skirmisher
37:18 Pikeman
37:18 Long Swordsman
39:19 Kamandaran
40:35 Husbandry
40:45 Bloodlines
46:11 Imperial Age
44:48 Herbal Medicine
46:23 Halberdier
48:15 Cavalier
49:40 Savar
53:32 Ring Archer Armor
54:02 Blast Furnace
53:38 Plate Barding Armor
53:33 Plate Mail Armor
Reywell10
0:27 Loom
9:12 Loom
11:52 Feudal Age
15:25 Double-Bit Axe
18:41 Castle Age
20:04 Wheelbarrow
21:16 Hand Cart
21:07 Gold Mining
26:36 Bow Saw
30:14 Imperial Age
30:16 Husbandry
30:31 Forging
30:27 Scale Barding Armor
31:23 Gold Shaft Mining
30:40 Stone Mining
30:24 Pikeman
31:06 Squires
30:36 Man-at-Arms
32:29 Cavalier
33:50 Iron Casting
33:36 Chain Barding Armor
35:15 Paladin
40:00 Chemistry
39:23 Ballistics
40:53 Blast Furnace
40:30 Plate Barding Armor
41:44 Halberdier
46:19 Conscription
46:01 Chivalry
48:37 Coinage
49:53 Caravan
52:50 Fletching
53:02 Padded Archer Armor
58:20 Arson
59:09 Bodkin Arrow
59:31 Leather Archer Armor
59:40 Light Cavalry
70:33 Onager
ogipochi_
0:38 Loom
13:26 Feudal Age
14:14 Horse Collar
14:26 Gold Mining
14:28 Stone Mining
14:24 Double-Bit Axe
15:21 Wheelbarrow
20:21 Castle Age
19:08 Forging
19:04 Scale Barding Armor
zimmer
0:35 Loom
11:12 Feudal Age
12:00 Double-Bit Axe
13:59 Fishing Lines
20:57 Castle Age
19:46 Wheelbarrow
28:14 Gillnets
29:12 Bow Saw
29:16 Town Watch
29:48 Hand Cart
31:30 Chemistry
33:43 Imperial Age
34:06 Squires
33:28 Pikeman
41:13 Houfnice
50:57 Halberdier
58:04 Fletching
58:14 Padded Archer Armor
60:00 Ballistics
60:58 Elite Hussite Wagon
65:54 Treadmill Crane
66:26 Fortified Wall
66:28 Masonry
66:38 Bombard Tower
66:04 Arrowslits
66:10 Guard Tower
66:26 Siege Engineers
66:16 Murder Holes
66:31 Careening
66:32 Clinker Construction
66:28 Siphons
66:46 Conscription
66:36 Hussite Reforms
66:02 Sappers
66:38 Wagenburg Tactics
66:36 Town Patrol
67:48 Two-Man Saw
66:33 Horse Collar
66:52 Bodkin Arrow
67:13 Leather Archer Armor
66:58 Scale Mail Armor
67:09 Forging
67:04 Scale Barding Armor
67:49 Caravan
68:20 Coinage
68:00 Guilds
Sulla
1:09 Loom
1:26 Loom
13:35 Feudal Age
15:01 Fishing Lines
20:42 Double-Bit Axe
23:09 Castle Age
23:18 Gold Mining
23:45 Gillnets
24:32 Bow Saw
28:34 Wheelbarrow
28:35 Town Watch
30:12 Fortified Wall
29:43 Treadmill Crane
30:17 Masonry
31:05 Forging
30:56 Scale Mail Armor
30:48 Fletching
30:43 Horse Collar
30:59 Stone Mining
32:05 Caravan
36:00 Imperial Age
34:39 Bodkin Arrow
35:20 Iron Casting
35:33 Gold Shaft Mining
35:18 Chain Mail Armor
36:12 Yasama
37:03 Squires
36:50 Arson
36:27 Pikeman
38:44 Halberdier
40:03 Conscription
40:22 Hand Cart
40:08 Town Patrol
39:38 Man-at-Arms
40:04 Gambesons
40:58 Kataparuto
40:54 Long Swordsman
41:03 Elite Samurai
42:21 Hoardings
42:12 Two-Handed Swordsman
45:40 Blast Furnace
45:11 Plate Mail Armor
45:50 Chemistry
44:56 Siege Engineers
44:41 Arrowslits
44:47 Guard Tower
46:49 Heavy Plow
47:54 Champion
65:09 Spies/Treason
65:39 Spies/Treason
70:43 Bracer
71:22 Keep
71:09 Ballistics
70:45 Murder Holes
Connection lost

Rejoining the realm…

Still unreachable

The connection could not be restored.

Session expired

The server has moved on; the page needs a fresh start.